Croesus, chaotic female elven Ranger -- --. |.. ---.. - |... . ....-.------ - -.-...--...-- -... ---.. --...- ......| -.................G--......| -- ---------....|....- |.^....|...- --..........| |.......<...| --- ---.........@d---.--- |...................| |.....--.|..........| --.|.- -----.|.--.--- ---- -------- Croesus the Tenderfoot Experience level: 1 Strength: 17 Dexterity: 10 Constitution: 15 Intelligence: 13 Wisdom: 13 Charisma: 7 Health: 0(13) Energy: 5(5) Def: 12 Gold: 700 Moves: 1559 Dungeon seed: S4wurW4-14QsyraW Game ID: Croesus_1603821124 Your Inventory: Amulets C - a cursed amulet of strangulation Weapons a - an uncursed +1 elven bow (alternate weapon; not wielded) d - an uncursed +1 elven dagger (weapon in hand) h - a blessed +4 orcish dagger s - an uncursed +0 orcish dagger F - an uncursed +0 elven dagger H - an uncursed +0 dagger of stealth L - 52 uncursed +2 elven arrows M - 36 uncursed +0 elven arrows (in quiver) P - 36 uncursed +0 darts Q - a blessed +1 dart R - a cursed +0 dart Armor e - an uncursed +2 elven cloak (being worn) n - an uncursed +1 orcish helm (being worn) I - an uncursed +0 pair of iron shoes (being worn) N - an uncursed +0 elven mithril-coat (being worn) Comestibles f - 4 uncursed lembas wafers g - 4 uncursed lichen corpses k - an uncursed pear m - 2 uncursed mangos t - 3 uncursed tripe rations u - 3 uncursed food rations Scrolls j - an uncursed scroll of identify v - an uncursed scroll of punishment Spellbooks p - an uncursed spellbook of magic missile q - an uncursed spellbook of magic missile D - an uncursed spellbook of healing Potions o - an uncursed potion of blindness r - an uncursed potion of see invisible E - a blessed potion of gain ability J - an uncursed potion of full healing Rings x - an uncursed ring of shock immunity (on left hand) Wands A - an uncursed wand of slow monster (0:6) Tools w - an uncursed tin whistle B - an uncursed skeleton key G - an uncursed lock pick O - 5 blessed wax candles (0:400) Gems z - an uncursed worthless piece of blue glass Coins $ - 700 gold pieces Spells and supernatural/magical abilities: Name Level Category Cost Memory W - pray for help -- divine ? -- Your skills at the end: Fighting Skills wands [Basic] Weapon Skills dagger [Basic] bow [Basic] Spellcasting Skills Final Attributes: You were devoutly aligned. You were immune to sleep. You were immune to electricity. You saw invisible. You had automatic searching. You had infravision. You were stealthy. Mars was noncommittal. You are dead. Vanquished creatures: a gnome lord 2 dwarves a hobbit 6 gnomes 3 jackals 3 foxes a kobold 4 goblins 5 grid bugs 5 lichens a newt 32 creatures vanquished. Voluntary challenges: You were an atheist. You used a wielded weapon 1 time, starting on turn 1101. You read items or engraved 2 times, starting on turn 224. You never genocided any monsters. You never polymorphed an object. You never changed form. You used no wishes. You never split a pudding. You wrote Elbereth's name 1 time, starting on turn 1426. You never violated your personal moral code. Dungeon overview: The Dungeons of Doom: levels 1 to 3 Level 1 a vault a long staircase Level 2 a general store Level 3 a vault stairs to The Gnomish Mines The Gnomish Mines: Level 4 <- You were here stairs to The Dungeons of Doom History has recorded: On T:1 you entered the Dungeons of Doom to retrieve the Amulet of Yendor! On T:436 you reached level 2 of The Dungeons of Doom. On T:525 you reached level 3 of The Dungeons of Doom. On T:1356 you reached level 1 of The Gnomish Mines. Score breakdown: Gold: 700 ( 9680 points) Experience: 1 level ( 0 points) Exploration: 4 levels ( 8.00%) ( 7423 points) Discoveries: 6 items ( 2.03%) ( 4278 points) Valuables value: (no points given unless you survive) Artifact value: 0 ( 0 points) Variety of kills: 11 monsters ( 2.89%) ( 5104 points) Turncount: 1559 turns ( 0 points) Survival: died (score multiplied by 80%) Total score: 21188 Latest messages: Whoops... A little dart shoots out at you! You are hit by a little dart. Whoops... A little dart shoots out at you! You are hit by a little dart. You disarm the trap. P - 36 darts. Q - a dart. R - a dart. You displace Sirius. The gnome puts on a pair of hard shoes. The gnome zaps a steel wand! (2x) The wand hits Sirius! It must be a wand of striking. The gnome zaps a wand of striking! The wand hits you! You die... For some reason, you think that you can almost hear the Wizard laugh manically... Final status: Goodbye Croesus the Ranger, killed by a gnome's wand... You died in The Gnomish Mines on dungeon level 4 with 21188 points, and 700 pieces of gold, after 1559 moves. You were level 1 with a maximum of 13 hit points when you died.